 Dungeon Crawl Stone Soup version 0.25.1-2-g60ff931df9 (webtiles) character file.

Game seed: 13440930538124580959

25 Acheron the Grave Robber (level 3, 0/20 HPs)
             Began as a Gargoyle Necromancer on Sept 5, 2020.
             Slain by a worm (7 damage)
             ... on level 2 of the Dungeon.
             The game lasted 00:06:27 (984 turns).

Acheron the Grave Robber (Gargoyle Necromancer)      Turns: 984, Time: 00:06:27

Health: 0/20       AC:  7    Str: 11    XL:     3   Next: 6%
Magic:  6/6        EV: 11    Int: 15    God:
Gold:   32         SH:  0    Dex: 11    Spells: 4/6 levels left

rFire    . . .     SeeInvis .   l - +1 hand axe (curse)
rCold    . . .     Gourm    .   (no shield)
rNeg     + . .     Faith    .   d - +0 leather armour
rPois    ∞         Spirit   .   (no helmet)
rElec    +         Reflect  .   o - +0 cloak
rCorr    .         Harm     .   (no gloves)
MR       .....                  (no boots)
Stlth    ++........             (no amulet)
HPRegen  0.06/turn              (no ring)
MPRegen  0.10/turn              (no ring)

@: no status effects
A: negative energy resistance 1, electricity resistance, unbreathing,
petrification resistance, rot immunity, AC +3
a: no special abilities


You were on level 2 of the Dungeon.
You were not hungry.

You visited 1 branch of the dungeon, and saw 2 of its levels.

You collected 32 gold pieces.

Inventory:

Hand Weapons
 f - a +0 club
 h - a +0 dagger
 l - a cursed +1 hand axe (weapon)
Missiles
 m - 30 stones (quivered)
 p - 44 sling bullets
Armour
 a - a +0 robe
 d - a +0 leather armour (worn)
 g - a +0 ring mail
 o - a +0 cloak (worn)
Scrolls
 e - 2 scrolls of identify
 i - a scroll of remove curse {unknown}
 n - a scroll of fog
 q - a scroll of teleportation {unknown}
Potions
 b - 2 potions of haste
 k - 2 potions of lignification
Comestibles
 c - 4 rations


   Skills:
 * Level 0.9 Fighting
 * Level 0.1 Axes
 * Level 0.2 Throwing
 * Level 0.1 Armour
 * Level 1.6 Dodging
 * Level 2.5 Stealth
 * Level 2.3 Spellcasting
 + Level 3.4 Necromancy


You had 4 spell levels left.
You knew the following spells:

 Your Spells              Type           Power        Failure   Level  Hunger
a - Pain                  Necr           ##..         7%          1    #......
b - Animate Skeleton      Necr           N/A          7%          1    #......

Your spell library contained the following spells:

 Spells                   Type           Power        Failure   Level  Hunger
 Vampiric Draining        Necr           ##........   21%         3    ###....
 Animate Dead             Necr           N/A          56%         4    #####..
 Agony                    Necr           ##......     88%         5    ######.


Dungeon Overview and Level Annotations

Branches:
Dungeon (2/15)

Altars:

Annotations:
D:1 exclusion: downstairs
D:2 Robin


Innate Abilities, Weirdness & Mutations

You are resistant to torment.
Your stone body is resilient. (AC +3)
You are immune to poison.
You resist negative energy. (rN+)
You are resistant to electric shocks. (rElec)
You can survive without breathing.
You are immune to petrification.
You are immune to rotting.


Message History

You miss the adder.
The adder is severely wounded.
You hit the worm. The adder misses you.
A goblin comes into view. It is wielding a +0 club.
The adder bites you.
A goblin comes into view. It is wielding a +0 dagger.
The goblin shouts!
You hit the adder.
You kill the adder!
You have reached level 3!
Your experience leads to an increase in your attributes!
Increase (S)trength, (I)ntelligence, or (D)exterity?
You feel agile.
You hit the worm. The worm bites you.
You hit the rat.
The rat is heavily wounded.
You hit Robin but do no damage. You hit the worm.
The rat bites you but does no damage. Robin barely misses you.
The worm bites you!
You die...

#... .... ..... ...(. #.#
...... #...## ......###
.....). #.S............#
#........
#.........####r#####........
#....h....##..@w.g.g........
#.........##...g..g!.....#.#
#...h.....##.........g...#.#
#.........##......)........#
#.........##..............##.
#......<..##.................
#...######...........(..#.##
. . ##.............#.# .. .≈≈
≈#############(#.##...


You could see a worm, Robin, 4 goblins and a rat.

Vanquished Creatures
  An adder (D:2)
  2 goblins
  4 hobgoblins (D:1)
  2 jackals (D:2)
  2 kobolds
  3 bats (D:1)
  A rat (D:1)
15 creatures vanquished.

Notes
Turn   | Place    | Note
-------+----------+-------------------------------------------
     0 | D:1      | Acheron the Gargoyle Necromancer began the quest for the
                  | Orb.
     0 | D:1      | Reached XP level 1. HP: 10/10 MP: 3/3
   224 | D:2      | Noticed Robin
   395 | D:1      | Reached XP level 2. HP: 16/16 MP: 3/5
   851 | D:1      | Learned a level 1 spell: Animate Skeleton
   983 | D:2      | Reached XP level 3. HP: 12/20 MP: 6/6
   984 | D:2      | Slain by a worm

Illustrated notes

Levels and vault maps discovered:
D:1:      matt_arrival_refuge, layout_basic, chequers_mini_garden
D:2:      layout_basic, tgw_xom, uniq_robin

Action                   || total
-------------------------++-------
Melee: Club              ||    13
       Hand axe          ||    40
       Unarmed           ||     3
 Cast: Pain              ||    10
  Use: Scroll            ||     4
Armor: Leather armour    ||    41
Dodge: Dodged            ||    50
